[Event "DVM U12W 2021"]
[Site "Willingen"]
[Date "2022.08.16"]
[Round "7"]
[White "Schuelke, Rosalie"]
[Black "Müller, Cosima"]
[Result "0-1"]
[ECO "B27"]
[WhiteElo "1297"]
[BlackElo "1355"]
[Annotator "NA RC"]
[PlyCount "54"]
[EventDate "2022.08.12"]
[EventType "team-tourn"]
[EventRounds "7"]
[EventCountry "GER"]
[SourceTitle "playchess.com"]
[Source "ChessBase"]
[SourceQuality "1"]
[TimeControl "40/5400+30:1800+30"]

1. e4 c5 2. Nf3 g6 3. c3 Bg7 4. d4 cxd4 5. Nxd4 Nf6 6. f3 Nc6 7. Nxc6 bxc6 8. Be3 O-O 9. Be2 Qc7 10. c4 d5 11. cxd5 cxd5 12. Nc3 dxe4 13. Rc1 Qb7 14. b3 Qb4 15. O-O Bb7 16. Nxe4 Nxe4 17. fxe4 Qxe4 18. Bf3 Qxe3+ 19. Kh1 Rfd8 20. Qe2 Qxe2 21. Bxe2 Rd2 22. Bc4 Bxg2+ 23. Kg1 Bxf1 24. Rxf1 Bd4+ 25. Kh1 Rf2 26. Rxf2 Bxf2 27. Kg2 Bc5 0-1

[Event "DVM U12W 2021"]
[Site "Willingen"]
[Date "2022.08.16"]
[Round "7"]
[White "Mersmann, Jasmin"]
[Black "Striebeck, Liv"]
[Result "1-0"]
[ECO "C47"]
[WhiteElo "1232"]
[BlackElo "1003"]
[Annotator "NA RC"]
[PlyCount "53"]
[EventDate "2022.08.12"]
[EventType "team-tourn"]
[EventRounds "7"]
[EventCountry "GER"]
[SourceTitle "playchess.com"]
[Source "ChessBase"]
[SourceQuality "1"]
[TimeControl "40/5400+30:1800+30"]

1. e4 e5 2. Nf3 Nc6 3. Nc3 Nf6 4. a3 a6 5. h3 h6 6. d4 exd4 7. Nxd4 Bc5 8. Nxc6 bxc6 9. Bf4 d5 10. exd5 cxd5 11. Qe2+ Be6 12. O-O-O O-O 13. g4 g5 14. Be3 Bd6 15. Bg2 c6 16. Bf3 Re8 17. h4 Bf4 18. hxg5 hxg5 19. Bxf4 gxf4 20. Qd2 Bxg4 21. Bxg4 Nxg4 22. Qxf4 Qf6 23. Qxg4+ Qg7 24. Qb4 f5 25. Rdg1 Kf7 26. Qb7+ Re7 27. Rxg7+ 1-0

[Event "DVM U12W 2021"]
[Site "Willingen"]
[Date "2022.08.16"]
[Round "7"]
[White "Schube, Theresa"]
[Black "Prokscha, Charlotte"]
[Result "0-1"]
[ECO "B22"]
[WhiteElo "1162"]
[BlackElo "1241"]
[Annotator "NA RC"]
[PlyCount "80"]
[EventDate "2022.08.12"]
[EventType "team-tourn"]
[EventRounds "7"]
[EventCountry "GER"]
[SourceTitle "playchess.com"]
[Source "ChessBase"]
[SourceQuality "1"]
[TimeControl "40/5400+30:1800+30"]

1. e4 c5 2. Nf3 e6 3. c3 Nc6 4. d4 cxd4 5. cxd4 Bb4+ 6. Nc3 Nf6 7. Bd3 h6 8. a3 Bxc3+ 9. bxc3 d5 10. Qe2 dxe4 11. Bxe4 Nxe4 12. Qxe4 Qa5 13. Bd2 Ne7 14. Qe5 Qxe5+ 15. Nxe5 b6 16. Nc4 O-O 17. O-O Ba6 18. Nxb6 axb6 19. Rfe1 Bc4 20. Bf4 Nd5 21. Bd6 Rfd8 22. Bb4 Nxb4 23. axb4 Rxa1 24. Rxa1 f6 25. f4 Re8 26. Kf2 e5 27. fxe5 fxe5 28. Re1 Rf8+ 29. Ke3 exd4+ 30. Kxd4 b5 31. Ke3 Re8+ 32. Kf2 Rxe1 33. Kxe1 Kf7 34. Kd2 Kf6 35. Ke3 Ke5 36. h4 h5 37. g3 g6 38. Kf3 Kf5 39. Ke3 Kg4 40. Kf2 Bd5 0-1

[Event "DVM U12W 2021"]
[Site "Willingen"]
[Date "2022.08.16"]
[Round "7"]
[White "Brandt, Clara"]
[Black "Mo, Keyou"]
[Result "1-0"]
[ECO "A29"]
[WhiteElo "1161"]
[BlackElo "1264"]
[Annotator "NA RC"]
[PlyCount "113"]
[EventDate "2022.08.12"]
[EventType "team-tourn"]
[EventRounds "7"]
[EventCountry "GER"]
[SourceTitle "playchess.com"]
[Source "ChessBase"]
[SourceQuality "1"]
[TimeControl "40/5400+30:1800+30"]

1. c4 e5 2. Nc3 Nf6 3. g3 d5 4. cxd5 Nxd5 5. Bg2 Be6 6. Nf3 Nc6 7. O-O Bc5 8. e3 Qd7 9. d4 Nxc3 10. bxc3 O-O-O 11. Bb2 Bd6 12. d5 Bg4 13. dxc6 Qxc6 14. Nxe5 Qxg2+ 15. Kxg2 Bxd1 16. Nxf7 Be2 17. Rfe1 Bc4 18. Nxh8 Rxh8 19. a3 h5 20. h4 Rg8 21. f4 g6 22. a4 a6 23. Ba3 c5 24. Red1 Kc7 25. Rd2 Rd8 26. e4 b6 27. e5 Be7 28. Rxd8 Bxd8 29. a5 Kc6 30. axb6 Bxb6 31. Rb1 Bd5+ 32. Kh3 Be6+ 33. Kh2 Bf5 34. Re1 c4 35. e6 Bf2 36. e7 Bxe1 37. e8=Q+ Bd7 38. Qxe1 a5 39. Qe4+ Kc7 40. Qxg6 a4 41. f5 Kd8 42. f6 Kc7 43. f7 Kd8 44. f8=Q+ Kc7 45. Qff7 Kd8 46. Qxd7+ Kxd7 47. g4 hxg4 48. Qxg4+ Kc6 49. h5 Kd5 50. h6 Kc6 51. Qxc4+ Kb6 52. Qxa4 Kc7 53. h7 Kd8 54. h8=Q+ Kc7 55. Qa6 Kd7 56. Qh7+ Ke8 57. Qa8# 1-0

[Event "DVM U12W 2021"]
[Site "Willingen"]
[Date "2022.08.16"]
[Round "7"]
[White "Mehner, Clara"]
[Black "Goeb, Franziska"]
[Result "1/2-1/2"]
[ECO "C53"]
[WhiteElo "1150"]
[BlackElo "1285"]
[Annotator "NA RC"]
[PlyCount "42"]
[EventDate "2022.08.12"]
[EventType "team-tourn"]
[EventRounds "7"]
[EventCountry "GER"]
[SourceTitle "playchess.com"]
[Source "ChessBase"]
[SourceQuality "1"]
[TimeControl "40/5400+30:1800+30"]

1. e4 e5 2. Nf3 Nc6 3. d4 exd4 4. Bc4 Bc5 5. c3 d6 6. cxd4 Bb4+ 7. Nc3 Nf6 8. Bg5 h6 9. Bh4 Qe7 10. O-O g5 11. Bg3 Bd7 12. Nd5 Nxd5 13. exd5 Na5 14. Bd3 O-O-O 15. a3 Nb3 16. Qxb3 Ba5 17. Qc2 Kb8 18. b4 Bb6 19. Qc3 f5 20. a4 a6 21. h3 f4 1/2-1/2

[Event "DVM U12W 2021"]
[Site "Willingen"]
[Date "2022.08.16"]
[Round "7"]
[White "Henzel, Leonie"]
[Black "Engeln, Helene"]
[Result "1-0"]
[ECO "D02"]
[WhiteElo "1134"]
[BlackElo "956"]
[Annotator "NA RC"]
[PlyCount "43"]
[EventDate "2022.08.12"]
[EventType "team-tourn"]
[EventRounds "7"]
[EventCountry "GER"]
[SourceTitle "playchess.com"]
[Source "ChessBase"]
[SourceQuality "1"]
[TimeControl "40/5400+30:1800+30"]

1. d4 d5 2. g3 Nf6 3. Nf3 Bf5 4. Bg2 e6 5. O-O Be7 6. c4 O-O 7. Bf4 h6 8. Nc3 dxc4 9. Qa4 Nh5 10. Be3 Qd7 11. Qxc4 Nc6 12. Ne5 Nxe5 13. dxe5 c6 14. Bf3 Bg6 15. g4 Qd8 16. gxh5 Bxh5 17. Bxh5 Bg5 18. Bxg5 Qxg5+ 19. Qg4 Qd2 20. Ne4 f5 21. exf6 Qd7 22. Nc5 1-0

[Event "DVM U12W 2021"]
[Site "Willingen"]
[Date "2022.08.16"]
[Round "7"]
[White "Gerlach, Lorena"]
[Black "Kopylov, Diana"]
[Result "1-0"]
[ECO "A43"]
[WhiteElo "1120"]
[BlackElo "1108"]
[Annotator "NA RC"]
[PlyCount "61"]
[EventDate "2022.08.12"]
[EventType "team-tourn"]
[EventRounds "7"]
[EventCountry "GER"]
[SourceTitle "playchess.com"]
[Source "ChessBase"]
[SourceQuality "1"]
[TimeControl "40/5400+30:1800+30"]

1. d4 d5 2. Nf3 c5 3. g3 cxd4 4. Nxd4 e5 5. Nb3 Nf6 6. Bg2 Be6 7. O-O Nc6 8. Bg5 Be7 9. Nc3 d4 10. Bxf6 Bxf6 11. Ne4 O-O 12. e3 Be7 13. Nec5 Bxc5 14. Nxc5 Qb6 15. Nxe6 fxe6 16. exd4 exd4 17. b3 e5 18. Qe2 Rae8 19. Rae1 Qc5 20. a4 Rf7 21. Qc4 Qxc4 22. bxc4 Rc7 23. f4 Nb4 24. Rxe5 Rxe5 25. fxe5 Nxc2 26. Bd5+ Rf7 27. Rxf7 h6 28. Rf2+ Kh8 29. Rf8+ Kh7 30. Be4+ g6 31. Bxc2 1-0

[Event "DVM U12W 2021"]
[Site "Willingen"]
[Date "2022.08.16"]
[Round "7"]
[White "Glotz, Diana"]
[Black "Belkina, Elisabeth"]
[Result "1-0"]
[ECO "A34"]
[WhiteElo "1116"]
[BlackElo "1126"]
[Annotator "NA RC"]
[PlyCount "35"]
[EventDate "2022.08.12"]
[EventType "team-tourn"]
[EventRounds "7"]
[EventCountry "GER"]
[SourceTitle "playchess.com"]
[Source "ChessBase"]
[SourceQuality "1"]
[TimeControl "40/5400+30:1800+30"]

1. c4 c5 2. Nc3 Nf6 3. g3 d5 4. cxd5 Nxd5 5. Bg2 Nc7 6. Qb3 Nc6 7. Nf3 e5 8. d3 b6 9. Ng5 Qe7 10. Bxc6+ Bd7 11. Bxa8 Nxa8 12. Qd5 Nc7 13. Qb7 Qd8 14. Nd5 Nxd5 15. Qxd5 Qe7 16. Qa8+ Qd8 17. Qxd8+ Kxd8 18. Nxf7+ 1-0

[Event "DVM U12W 2021"]
[Site "Willingen"]
[Date "2022.08.16"]
[Round "7"]
[White "Berger, Jennifer"]
[Black "Marrufo, Emilia"]
[Result "1/2-1/2"]
[ECO "C45"]
[WhiteElo "1050"]
[BlackElo "970"]
[Annotator "NA RC"]
[PlyCount "124"]
[EventDate "2022.08.12"]
[EventType "team-tourn"]
[EventRounds "7"]
[EventCountry "GER"]
[SourceTitle "playchess.com"]
[Source "ChessBase"]
[SourceQuality "1"]
[TimeControl "40/5400+30:1800+30"]

1. e4 e5 2. Nf3 Nc6 3. d4 exd4 4. Nxd4 Bc5 5. Nxc6 Qf6 6. Qf3 Qxc6 7. Bd3 Nf6 8. Nc3 d6 9. h3 Be6 10. Bg5 Bd4 11. Qe2 Bxc3+ 12. Kf1 Bxb2 13. Rb1 Qc3 14. Bd2 Qa3 15. e5 dxe5 16. Qe1 Bxa2 17. Rd1 Bd4 18. c3 Bb6 19. Qxe5+ Qe7 20. Qg5 Qc5 21. Be3 Qxg5 22. Bxg5 a5 23. Re1+ Kf8 24. Ra1 Bd5 25. Bb5 Bc6 26. Bxc6 bxc6 27. Ke2 a4 28. Bxf6 gxf6 29. Ra2 Ke7 30. Rb1 Ra5 31. f3 Rha8 32. Kd3 Rd5+ 33. Kc4 Rc5+ 34. Kd3 Rb5 35. Rba1 Rd5+ 36. Kc4 Rc5+ 37. Kd3 Rca5 38. Kc4 Bc5 39. g3 Be3 40. Kb4 Bc5+ 41. Kc4 Ke6 42. Re1+ Kf5 43. Rea1 Kg5 44. f4+ Kf5 45. Kd3 h5 46. g4+ hxg4 47. hxg4+ Kxf4 48. Rf1+ Kg5 49. Rf5+ Kg6 50. Ra1 a3 51. Raf1 Be7 52. Rxa5 Rxa5 53. Ra1 Kg5 54. Ra2 Kxg4 55. c4 f5 56. Ke2 f4 57. Kf1 f3 58. Kg1 Kg3 59. Kf1 f2 60. Ra1 a2 61. c5 Bf6 62. Rxa2 Rxa2 1/2-1/2

[Event "DVM U12W 2021"]
[Site "Willingen"]
[Date "2022.08.16"]
[Round "7"]
[White "Fruth, Julia"]
[Black "Daaboul, Dima"]
[Result "1-0"]
[ECO "B00"]
[WhiteElo "1037"]
[BlackElo "882"]
[Annotator "NA RC"]
[PlyCount "85"]
[EventDate "2022.08.12"]
[EventType "team-tourn"]
[EventRounds "7"]
[EventCountry "GER"]
[SourceTitle "playchess.com"]
[Source "ChessBase"]
[SourceQuality "1"]
[TimeControl "40/5400+30:1800+30"]

1. e4 b6 2. d4 Bb7 3. Bd3 f5 4. exf5 Bxg2 5. Qh5+ g6 6. fxg6 Bg7 7. gxh7+ Kf8 8. Nf3 Nf6 9. Qg6 Bxh1 10. Bh6 Rxh7 11. Ng5 Bxh6 12. Nxh7+ Nxh7 13. Qxh6+ Kf7 14. Qxh7+ Ke6 15. Qf5+ Kd6 16. f3 Qg8 17. Qe5+ Kc6 18. Be4+ d5 19. c4 dxe4 20. Qxe4+ Kd7 21. Qxa8 Qg1+ 22. Kd2 Qxd4+ 23. Kc2 Qf2+ 24. Nd2 Bxf3 25. Qxf3 Qxh2 26. Rd1 Qh7+ 27. Qd3+ Qxd3+ 28. Kxd3 Nc6 29. Kc3 Ke8 30. Nf3 a6 31. Nd4 Na5 32. Ne6 c5 33. Nc7+ Kf7 34. Nxa6 e5 35. Rd6 Ke7 36. Rxb6 e4 37. Nb8 e3 38. Nc6+ Nxc6 39. Rxc6 e2 40. Kd2 Kd7 41. Rxc5 Kd6 42. Rd5+ Ke6 43. Kxe2 1-0

[Event "DVM U12W 2021"]
[Site "Willingen"]
[Date "2022.08.16"]
[Round "7"]
[White "Einacker, Lina"]
[Black "Leicher, Anna"]
[Result "0-1"]
[ECO "C54"]
[WhiteElo "1010"]
[BlackElo "1252"]
[Annotator "NA RC"]
[PlyCount "97"]
[EventDate "2022.08.12"]
[EventType "team-tourn"]
[EventRounds "7"]
[EventCountry "GER"]
[SourceTitle "playchess.com"]
[Source "ChessBase"]
[SourceQuality "1"]
[TimeControl "40/5400+30:1800+30"]

1. e4 e5 2. Nf3 Nc6 3. Bc4 Bc5 4. c3 Nf6 5. d4 exd4 6. e5 d5 7. Bb5 Nd7 8. Bxc6 bxc6 9. cxd4 Bb4+ 10. Bd2 Bxd2+ 11. Nbxd2 c5 12. dxc5 Nxc5 13. O-O O-O 14. Nb1 Ba6 15. Re1 Nd3 16. Re2 Nf4 17. Rd2 Qd7 18. Nc3 Rad8 19. Rd4 Qg4 20. Ne1 Nh3+ 21. Kh1 Nxf2+ 22. Kg1 Nxd1 23. Rxg4 Nxb2 24. Rd4 c6 25. Rb4 Nd3 26. Ra4 Bb5 27. Nxb5 cxb5 28. Rxa7 Nxe5 29. Rb7 Rb8 30. Re7 Rfe8 31. Rc7 Rec8 32. Rxc8+ Rxc8 33. Rd1 Rc5 34. Rb1 Kf8 35. Kf2 Ke7 36. h3 Kd6 37. Ke3 Nc4+ 38. Kd4 Nd2 39. Rb2 Ne4 40. Nf3 f6 41. Ne1 Kc6 42. Nc2 Rc4+ 43. Ke3 Kc5 44. Ne1 Nc3 45. Nd3+ Kd6 46. Rb3 Nxa2 47. Rxb5 Nc3 48. Rb7 d4+ 49. Kd2 0-1

[Event "DVM U12W 2021"]
[Site "Willingen"]
[Date "2022.08.16"]
[Round "7"]
[White "Müller, Ariana"]
[Black "Kremling, Alamea"]
[Result "1-0"]
[ECO "C50"]
[WhiteElo "975"]
[BlackElo "1077"]
[Annotator "NA RC"]
[PlyCount "37"]
[EventDate "2022.08.12"]
[EventType "team-tourn"]
[EventRounds "7"]
[EventCountry "GER"]
[SourceTitle "playchess.com"]
[Source "ChessBase"]
[SourceQuality "1"]
[TimeControl "40/5400+30:1800+30"]

1. e4 e5 2. Nf3 Nc6 3. Nc3 Bc5 4. Bc4 Nf6 5. d3 d6 6. Bg5 Be6 7. Bb5 a6 8. Bxc6+ bxc6 9. O-O d5 10. Nxe5 Qd6 11. Bxf6 gxf6 12. Nf3 Rg8 13. d4 Bh3 14. Nh4 Bb6 15. Re1 Rd8 16. exd5+ Kd7 17. Qd3 Bg4 18. h3 Bh5 19. Qf5+ 1-0

[Event "DVM U12W 2021"]
[Site "Willingen"]
[Date "2022.08.16"]
[Round "7"]
[White "Marrufo, Adriana"]
[Black "Doberchak, Emily Alice"]
[Result "1-0"]
[ECO "C50"]
[WhiteElo "942"]
[BlackElo "928"]
[Annotator "NA RC"]
[PlyCount "61"]
[EventDate "2022.08.12"]
[EventType "team-tourn"]
[EventRounds "7"]
[EventCountry "GER"]
[SourceTitle "playchess.com"]
[Source "ChessBase"]
[SourceQuality "1"]
[TimeControl "40/5400+30:1800+30"]

1. e4 e5 2. Nf3 Nc6 3. Bc4 Nf6 4. d3 Bc5 5. Nc3 d6 6. h3 Be6 7. Bb3 Bxb3 8. axb3 d5 9. Nxe5 Nxe5 10. d4 Bxd4 11. Qxd4 Nc6 12. Qd3 Nb4 13. Qb5+ Nc6 14. Qxb7 Ne7 15. Ra5 c6 16. f3 dxe4 17. fxe4 O-O 18. Ra4 Qd7 19. Qa6 Ne8 20. Bd2 Nc7 21. Qe2 Rfe8 22. Kd1 Ne6 23. Kc1 Nc5 24. Ra5 Nb7 25. Ra3 Nd5 26. Qf2 Nxc3 27. Bxc3 Rxe4 28. Qg3 g6 29. Qf3 Nd6 30. Qf6 Ne8 31. Qh8# 1-0

[Event "DVM U12W 2021"]
[Site "Willingen"]
[Date "2022.08.16"]
[Round "7"]
[White "Mauhs, Helena"]
[Black "Yan, Jenny"]
[Result "1-0"]
[ECO "B30"]
[WhiteElo "857"]
[BlackElo "984"]
[Annotator "NA RC"]
[PlyCount "71"]
[EventDate "2022.08.12"]
[EventType "team-tourn"]
[EventRounds "7"]
[EventCountry "GER"]
[SourceTitle "playchess.com"]
[Source "ChessBase"]
[SourceQuality "1"]
[TimeControl "40/5400+30:1800+30"]

1. e4 c5 2. Nf3 Nc6 3. Bc4 e6 4. Nc3 Nf6 5. e5 Ng4 6. h3 Ngxe5 7. d4 Nxc4 8. dxc5 Bxc5 9. Bf4 Nb6 10. Qd3 d5 11. O-O-O Bxf2 12. Nb5 O-O 13. Ng5 g6 14. Qf3 Bh4 15. Qg4 Bxg5 16. Bxg5 e5 17. Qh4 f6 18. Bh6 Rf7 19. Rhf1 Nc4 20. Nc3 Nd6 21. Nxd5 f5 22. Bg5 Qf8 23. Nf6+ Kh8 24. g4 a5 25. Bh6 Qe7 26. g5 Ne4 27. Nxe4 fxe4 28. Qxe4 Bxh3 29. Rf3 Rxf3 30. Qxf3 Qe6 31. Rd2 Bf5 32. Qa3 Qe7 33. Qb3 Rd8 34. Rxd8+ Qxd8 35. Qf7 Qe7 36. Bg7# 1-0

[Event "DVM U12W 2021"]
[Site "Willingen"]
[Date "2022.08.16"]
[Round "7"]
[White "Reetz, Shaila"]
[Black "Limmer, Maria"]
[Result "0-1"]
[ECO "D00"]
[WhiteElo "837"]
[BlackElo "767"]
[Annotator "NA RC"]
[PlyCount "76"]
[EventDate "2022.08.12"]
[EventType "team-tourn"]
[EventRounds "7"]
[EventCountry "GER"]
[SourceTitle "playchess.com"]
[Source "ChessBase"]
[SourceQuality "1"]
[TimeControl "40/5400+30:1800+30"]

1. d4 d5 2. Nc3 Nc6 3. Nf3 Nf6 4. h3 h6 5. e3 Bf5 6. Bd3 Bxd3 7. Qxd3 a6 8. O-O Qd7 9. e4 Nb4 10. Qe2 Qe6 11. e5 Nd7 12. a3 Nc6 13. Bf4 Qf5 14. Qe3 Qxc2 15. Ra2 Qg6 16. Nxd5 O-O-O 17. b4 e6 18. Nc3 Be7 19. b5 Ncb8 20. bxa6 Nxa6 21. Nh4 Bxh4 22. d5 exd5 23. Nxd5 Ndc5 24. Bg3 Bg5 25. Qf3 Qd3 26. Ne3 Qg6 27. Nd5 Nd3 28. Rb1 Nac5 29. a4 Rhe8 30. Rc2 Na6 31. Rb3 Nxe5 32. Bxe5 Rxe5 33. Nc3 Qxc2 34. Qxb7+ Kd7 35. Qf3 Re1+ 36. Kh2 Qd2 37. Qg4+ Ke8 38. g3 Qxf2# 0-1

[Event "DVM U12W 2021"]
[Site "Willingen"]
[Date "2022.08.16"]
[Round "7"]
[White "Guliyeva, Zahra"]
[Black "Cao, Weiqi"]
[Result "0-1"]
[ECO "C00"]
[WhiteElo "834"]
[BlackElo "969"]
[Annotator "NA RC"]
[PlyCount "90"]
[EventDate "2022.08.12"]
[EventType "team-tourn"]
[EventRounds "7"]
[EventCountry "GER"]
[SourceTitle "playchess.com"]
[Source "ChessBase"]
[SourceQuality "1"]
[TimeControl "40/5400+30:1800+30"]

1. e4 e6 2. Nf3 d5 3. Nc3 Nf6 4. exd5 exd5 5. d3 Be7 6. Bf4 O-O 7. d4 Re8 8. Be2 c6 9. Bxb8 Rxb8 10. O-O Qb6 11. Ne5 Bd6 12. Bh5 Bxe5 13. dxe5 Nxh5 14. Qxh5 Qxb2 15. Ne2 Qxe5 16. Qf3 Qxe2 17. Qxe2 Rxe2 18. h3 Rxc2 19. Rfe1 Bd7 20. Re7 Be6 21. Re1 Rxa2 22. f4 g6 23. Re3 Kg7 24. Rg3 Kf6 25. Rc7 Ra1+ 26. Kh2 b5 27. Rxa7 Rxa7 28. Rc3 b4 29. Rxc6 b3 30. Rc1 b2 31. Rb1 Ra1 32. Rxa1 bxa1=Q 33. Kg3 g5 34. fxg5+ Kxg5 35. h4+ Kh5 36. Kf3 Rb4 37. Kg3 Qa3+ 38. Kh2 Rxh4+ 39. Kg1 Bh3 40. gxh3 Rxh3 41. Kg2 Qg3+ 42. Kf1 Qa3 43. Kf2 Rb3 44. Ke2 Qa2+ 45. Kf1 Rb1# 0-1

[Event "DVM U12W 2021"]
[Site "Willingen"]
[Date "2022.08.16"]
[Round "7"]
[White "Blome, Antonia"]
[Black "Grey, Paula"]
[Result "1-0"]
[ECO "D02"]
[WhiteElo "823"]
[BlackElo "854"]
[Annotator "NA RC"]
[PlyCount "95"]
[EventDate "2022.08.12"]
[EventType "team-tourn"]
[EventRounds "7"]
[EventCountry "GER"]
[SourceTitle "playchess.com"]
[Source "ChessBase"]
[SourceQuality "1"]
[TimeControl "40/5400+30:1800+30"]

1. d4 d5 2. Bf4 Bf5 3. Nf3 Nc6 4. e3 Nf6 5. h3 Nb4 6. Bd3 Nxd3+ 7. cxd3 e6 8. a3 Bd6 9. Ne5 Qe7 10. O-O O-O-O 11. Nc3 Rhg8 12. Re1 Rde8 13. e4 dxe4 14. Nxe4 Nd5 15. Bg3 f6 16. Nf3 Bxg3 17. fxg3 e5 18. Qb3 Qe6 19. Nc5 Qf7 20. Qxb7+ Kd8 21. dxe5 Ke7 22. e6 Bxe6 23. Nxe6 Qxe6 24. Rxe6+ Kxe6 25. Qc6+ Ke7 26. Qxd5 Kf8 27. Rc1 Rc8 28. Rxc7 Rxc7 29. Qd8+ Kf7 30. Qxc7+ Kg6 31. d4 Re8 32. d5 Ra8 33. d6 a5 34. d7 a4 35. d8=Q Rxd8 36. Qxd8 Kh6 37. Qa5 g5 38. Qxa4 f5 39. Qc6+ Kg7 40. Kf2 g4 41. hxg4 fxg4 42. Nh4 Kh8 43. Qb7 Kg8 44. Ke3 Kf8 45. Ke4 Ke8 46. Ke5 h6 47. Ke6 Kf8 48. Qf7# 1-0

[Event "DVM U12W 2021"]
[Site "Willingen"]
[Date "2022.08.16"]
[Round "7"]
[White "Borck, Elena"]
[Black "Xiao, Karoline"]
[Result "1/2-1/2"]
[ECO "B13"]
[WhiteElo "739"]
[BlackElo "965"]
[Annotator "NA RC"]
[PlyCount "51"]
[EventDate "2022.08.12"]
[EventType "team-tourn"]
[EventRounds "7"]
[EventCountry "GER"]
[SourceTitle "playchess.com"]
[Source "ChessBase"]
[SourceQuality "1"]
[TimeControl "40/5400+30:1800+30"]

1. e4 c6 2. Nc3 d5 3. exd5 cxd5 4. d4 Nf6 5. Nf3 Bf5 6. Bf4 Nc6 7. Bb5 a6 8. Bd3 Bg6 9. Ne5 Bxd3 10. Nxc6 bxc6 11. Qxd3 e6 12. O-O Bd6 13. Bxd6 Qxd6 14. Rfe1 O-O 15. Na4 Ne4 16. c4 Rac8 17. c5 Qe7 18. Nb6 Rb8 19. Qxa6 Nf6 20. b4 Qc7 21. Rab1 Nd7 22. Nxd7 Qxd7 23. a4 Ra8 24. Qd3 Rxa4 25. b5 h6 26. b6 1/2-1/2

[Event "DVM U12W 2021"]
[Site "Willingen"]
[Date "2022.08.16"]
[Round "7"]
[White "Piffczyk, Sandra"]
[Black "Marrufo, Leandra"]
[Result "1-0"]
[ECO "C48"]
[WhiteElo "704"]
[BlackElo "701"]
[Annotator "NA RC"]
[PlyCount "123"]
[EventDate "2022.08.12"]
[EventType "team-tourn"]
[EventRounds "7"]
[EventCountry "GER"]
[SourceTitle "playchess.com"]
[Source "ChessBase"]
[SourceQuality "1"]
[TimeControl "40/5400+30:1800+30"]

1. e4 e5 2. Nf3 Nc6 3. Nc3 Nf6 4. Bb5 Nd4 5. Nxe5 Qe7 6. Nf3 Nxb5 7. Nxb5 Qxe4+ 8. Qe2 Qxe2+ 9. Kxe2 Nd5 10. Re1 Be7 11. Kf1 O-O 12. Re5 c6 13. Nc3 Bd6 14. Re1 b6 15. d3 Ba6 16. Bg5 Nb4 17. Rec1 f6 18. Be3 Rfe8 19. Kg1 Re7 20. a3 Nd5 21. Re1 f5 22. Bg5 Rxe1+ 23. Rxe1 b5 24. Nxd5 cxd5 25. Be7 Re8 26. Bxd6 Rxe1+ 27. Nxe1 Bb7 28. Nf3 d4 29. Nxd4 g6 30. Nxb5 a6 31. Nc7 g5 32. c4 h5 33. Nd5 Bxd5 34. cxd5 Kf7 35. Bb8 Ke7 36. f3 g4 37. fxg4 fxg4 38. b4 Kd8 39. Kf2 Kc8 40. Be5 Kb7 41. Ke2 Kb6 42. a4 a5 43. bxa5+ Kxa5 44. Ke3 Kxa4 45. Kd4 Kb5 46. Bf6 Kb6 47. Ke5 Kc7 48. Be7 Kc8 49. Kd6 Kb7 50. Kxd7 Kb6 51. d6 Kc5 52. Ke6 Kd4 53. d7 Ke3 54. d8=Q Kf2 55. Qh8 Kxg2 56. Qxh5 Kf3 57. h3 Kg3 58. Qxg4+ Kh2 59. Kf5 Kh1 60. Qg8 Kh2 61. Kf4 Kxh3 62. Qg3# 1-0